 Dungeon Crawl Stone Soup version 0.30-a0-782-ge64f9170bb (webtiles) character file.

Game seed: 12771036097426819431

3855 Conn the Firebug (level 10, -2/60 HPs)
             Began as an Octopode Fire Elementalist on Feb 19, 2023.
             Was a Follower of Sif Muna.
             Slain by a human
             ... wielding a +0 long sword
              (11 damage)
             ... on level 8 of the Dungeon.
             The game lasted 00:16:22 (5865 turns).

Conn the Firebug (Octopode Fire Elementalist)       Turns: 5865, Time: 00:16:23

Health: -2/60      AC:  1    Str:  7    XL:     10   Next: 18%
Magic:  16/29      EV: 14    Int: 27    God:    Sif Muna [*.....]
Gold:   413        SH:  0    Dex: 13    Spells: 5/23 levels left

rFire   . . .      SeeInvis +    f - +0 short sword (protect)
rCold   . . .      Faith    +    (no shield)
rNeg    + . .      Spirit   .    (helmet restricted)
rPois   +          Reflect  .    i - amulet of faith
rElec   .          Harm     .    g - ring of magical power
rCorr   .          Rampage  .    h - ring of see invisible
Will    .....                    r - ring of Anarchy {rPois rN+ Int+5}
Stlth   ++++                     (no ring)
HPRegen 0.30/turn                (no ring)
MPRegen 0.21/turn                (no ring)
                                 (no ring)
                                 (no ring)

@: very slightly contaminated
A: almost no armour, amphibious, 8 rings, camouflage 1, gelatinous body 1,
(nimble swimmer 1), tentacles
a: Renounce Religion, Channel Magic


You were on level 8 of the Dungeon.
You worshipped Sif Muna.
Sif Muna was aware of your devotion.
You visited 2 branches of the dungeon, and saw 8 of its levels.

You collected 413 gold pieces.

Inventory:

Hand Weapons
 f - a +0 short sword of protection (weapon)
Missiles
 v - 3 atropa-tipped darts
Jewellery
 g - a ring of magical power (left tentacle)
 h - a ring of see invisible (right tentacle)
 i - an amulet of faith (around mantle)
 r - the ring of Anarchy (on tentacle) {rPois rN+ Int+5}
   (You found it on level 3 of the Dungeon)

   [ring of poison resistance]

   Int:       It affects your intelligence (+5).
   rPois:     It protects you from poison.
   rN:        It protects you from negative energy.
 B - a ring of flight
Wands
 u - a wand of paralysis (5)
Scrolls
 c - 7 scrolls of identify {unknown}
 j - a scroll of torment {unknown}
 k - a scroll of fog {unknown}
 n - a scroll of immolation {unknown}
 t - a scroll of amnesia {unknown}
 x - a scroll of teleportation {unknown}
 y - a scroll of vulnerability {unknown}
 A - a scroll of fear {unknown}
Potions
 a - a potion of magic
 b - 2 potions of degeneration {unknown}
 d - a potion of mutation {unknown}
 e - 2 potions of brilliance
 l - a potion of invisibility {unknown}
 m - 2 potions of haste {unknown}
 o - a potion of ambrosia {unknown}
 p - 2 potions of might {unknown}
 q - 3 potions of attraction {unknown}
 s - 3 potions of heal wounds {unknown}
 w - a potion of lignification {unknown}
 z - a potion of berserk rage {unknown}


   Skills:
 + Level 1.9 Fighting
 + Level 3.3 Short Blades
 + Level 3.5 Dodging
 + Level 7.3 Stealth
 + Level 0.1 Unarmed Combat
 + Level 7.1 Spellcasting
 + Level 4.3 Conjurations
 + Level 2.6 Hexes
 * Level 2.4 Summonings
 + Level 7.6 Fire Magic
 * Level 2.7 Air Magic
 * Level 2.6 Poison Magic


You had 5 spell levels left.
You knew the following spells:

 Your Spells              Type           Power      Damage    Failure   Level
a - Foxfire               Conj/Fire      100%       2x1d9     1%          1
b - Flame Wave            Conj/Fire      42%        2d11      4%          4
c - Inner Flame           Hex/Fire       37%        N/A       2%          3
d - Call Imp              Summ           22%        N/A       3%          2
e - Scorch                Fire           100%       2d10      1%          2
f - Mephitic Cloud        Conj/Pois/Air  27%        N/A       4%          3
g - Summon Guardian Gole  Hex/Summ       23%        N/A       6%          3

Your spell library contained the following spells:

 Spells                   Type           Power      Damage    Failure   Level
 Magic Dart               Conj           100%       1d8       1%          1
 Kindle Blastsparks       Fire/Tloc/Air  56%        2d14      4%          3
 Tukima's Dance           Hex            23%        N/A       6%          3
 Fulminant Prism          Conj/Hex       14%        3d9       14%         4
 Iskenderun's Mystic Bla  Conj/Tloc      21%        2d6       24%         4
 Passage of Golubria      Tloc           9%         N/A       50%         4
 Yara's Violent Unravell  Hex/Tmut       8%         3d5       67%         5
 Lee's Rapid Deconstruct  Erth           4%         3d5*      85%         5
 Orb of Destruction       Conj           16%        9d7       100%        7
 Spellforged Servitor     Conj/Summ      13%        N/A       100%        7


Dungeon Overview and Level Annotations

Branches:
Dungeon (6/15)             Temple (1/1) D:5

Altars:
Cheibriados
Elyvilon
Fedhas
Gozag
Makhleb
Nemelex Xobeh
Okawaru
Ru
Sif Muna
Trog
Uskayaw
Wu Jian
Xom
Yredelemnul
Zin
The Shining One


Innate Abilities, Weirdness & Mutations

You cannot wear most types of armour.
You are amphibious.
You can wear up to eight rings at the same time.
Your skin changes colour to match your surroundings (Stealth+).
Your rubbery body absorbs attacks. (AC +1, EV +1)
((You are camouflaged when in or above water. (Stealth+)))
You have tentacles for arms and can constrict up to eight enemies at once.


Message History

Nothing appears to happen.
You constrict the human.
The human hits you with a +0 long sword!
Casting: Flame Wave (dangerous; 4% risk of failure)
Confirm with . or Enter, or press ? or * to list all spells.
Casting: Flame Wave (dangerous; 4% risk of failure)
Press: ? - help, Dir - look around, f - activate A wave of flame ripples out!
The flame wave engulfs the human.
The human is moderately wounded. (Press . to intensify the flame waves.)
You constrict the human.
You hear a shout! x2
The human hits you with a +0 long sword.
A wave of flame ripples out!
The flame wave engulfs the human.
The human is moderately wounded.
The flame wave engulfs the yak!
The yak is moderately wounded.
You constrict the human. The yak gores you!
The human hits you with a +0 long sword.
A wave of flame ripples out!
The flame wave engulfs the human!
The human is severely wounded.
The flame wave engulfs the yak!
The yak is heavily wounded.
You finish channelling waves of flame.
You constrict the human.
You hear a shout!
A human comes into view. It is wielding a +0 sling.
The yak gores you. The human misses you.
Casting: Flame Wave (dangerous; 4% risk of failure)
Confirm with . or Enter, or press ? or * to list all spells.
Casting: Flame Wave (dangerous; 4% risk of failure)
Press: ? - help, Dir - look around, f - activate A wave of flame ripples out!
The flame wave engulfs the human.
The human is almost dead.
The flame wave engulfs the yak!
The yak is almost dead. (Press . to intensify the flame waves.)
You constrict the human.
The human shoots a sling bullet.
The sling bullet hits you! The yak gores you!
* * * LOW HITPOINT WARNING * * *
The human hits you with a +0 long sword!
You die...

#.......##....†.........
..............†.........
........##.##.##........
........##.##.##.#####..
.#########.##..#.# . .#
#.###.#.# . .# #.###.#.#
##..P .##
###.......#......
..######...>)[.p@Y.....P
......#.###.##.#........
..#.......#.##.#........
....#.#.#...............
..###.##....##.#...#..Pp
..###.#####.##.#..##...P
......# #........ #.#
####### ####.#### ## #


You could see a yak and 2 humans.

Vanquished Creatures
  Maggie (D:8)
  9 yaks
  A human (D:8)
  A steam dragon (D:8)
  An acid dragon (D:8)
  A water moccasin (D:5)
  Duvessa (D:5)
  An orc warrior (D:8)
  A sky beast (D:6)
  An ice beast (D:5)
  An ogre (D:5)
  2 phantoms
  2 scorpions
  2 bullfrogs (D:8)
  Dowan (D:5)
  5 killer bees (D:8)
  3 howler monkeys (D:8)
  5 hounds
  2 jellies
  3 iguanas
  An orc wizard (D:5)
  10 adders
  3 gnolls (D:3)
  A white imp (D:3)
  An ufetubus (D:4)
  2 dart slugs (D:2)
  9 orcs
  5 bats
  9 endoplasms
  3 giant cockroaches
  6 goblins
  5 hobgoblins
  A jackal (D:1)
  4 quokkas
  4 ball pythons
  2 frilled lizards
  4 kobolds
  7 rats
121 creatures vanquished.

Vanquished Creatures (others)
  221 foxfires
  20 fungi (D:8)
  13 plants (D:8)
254 creatures vanquished.

Grand Total: 375 creatures vanquished

Notes
Turn   | Place    | Note
-------+----------+-------------------------------------------
     0 | D:1      | Conn the Octopode Fire Elementalist began the quest for the
                  | Orb.
     0 | D:1      | Reached XP level 1. HP: 11/11 MP: 3/3
   350 | D:1      | Reached XP level 2. HP: 16/17 MP: 5/5
  1290 | D:2      | Reached XP level 3. HP: 21/21 MP: 6/6
  1361 | D:2      | Noticed a phantom
  1366 | D:2      | Learned a level 2 spell: Scorch
  1370 | D:2      | Learned a level 3 spell: Inner Flame
  1380 | D:2      | Killed a phantom
  1381 | D:2      | Reached XP level 4. HP: 17/27 MP: 8/8
  1473 | D:2      | Reached XP level 5. HP: 31/31 MP: 9/9
  2528 | D:3      | Identified the ring of Anarchy {rPois rN+ Int+5}
  2890 | D:3      | Reached XP level 6. HP: 37/37 MP: 11/11
  3074 | D:4      | Noticed a yak
  3074 | D:4      | Noticed a yak
  3074 | D:4      | Noticed a yak
  3077 | D:4      | Noticed a yak
  3077 | D:4      | Killed a yak
  3078 | D:4      | Reached skill level 1 in Fighting
  3078 | D:4      | Reached skill level 1 in Short Blades
  3081 | D:4      | Killed a yak
  3081 | D:4      | Killed a yak
  3082 | D:4      | Reached skill level 5 in Stealth
  3082 | D:4      | Reached skill level 5 in Fire Magic
  3082 | D:4      | Reached XP level 7. HP: 43/43 MP: 5/13
  3085 | D:4      | Killed a yak
  3246 | D:4      | Reached skill level 1 in Hexes
  3246 | D:4      | Reached XP level 8. HP: 48/48 MP: 14/14
  4100 | D:5      | Entered Level 5 of the Dungeon
  4123 | D:5      | Found a hide-covered altar of Uskayaw.
  4176 | D:5      | Reached skill level 5 in Spellcasting
  4316 | D:5      | Noticed a yak
  4317 | D:5      | Noticed a yak
  4317 | D:5      | Noticed a yak
  4317 | D:5      | Noticed a yak
  4317 | D:5      | Noticed a yak
  4325 | D:5      | Killed a yak
  4333 | D:5      | Killed a yak
  4333 | D:5      | Killed a yak
  4334 | D:5      | Reached XP level 9. HP: 54/54 MP: 12/17
  4451 | D:5      | Found a staircase to the Ecumenical Temple.
  4461 | Temple   | Entered the Ecumenical Temple
  4666 | Temple   | Became a worshipper of Sif Muna the Loreminder
  4879 | D:5      | Noticed Duvessa
  4880 | D:5      | Noticed Dowan
  4885 | D:5      | Killed Duvessa
  4894 | D:5      | Killed Dowan
  5065 | D:5      | Learned a level 4 spell: Flame Wave
  5068 | D:5      | Learned a level 2 spell: Call Imp
  5072 | D:5      | Learned a level 3 spell: Mephitic Cloud
  5076 | D:5      | Learned a level 3 spell: Summon Guardian Golem
  5281 | D:6      | Reached skill level 1 in Poison Magic
  5337 | D:6      | You fall into a shaft and drop 2 floors!
  5357 | D:8      | Noticed Maggie
  5361 | D:8      | Killed Maggie
  5362 | D:8      | Reached skill level 1 in Summonings
  5362 | D:8      | Reached skill level 1 in Air Magic
  5374 | D:8      | Reached * piety under Sif Muna
  5504 | D:8      | Reached XP level 10. HP: 58/60 MP: 20/20
  5865 | D:8      | Slain by a human

Illustrated notes

Levels and vault maps discovered:
D:1:      minmay_arrival_four_houses, layout_basic, minmay_pentomino_q4
D:2:      layout_rooms, hex_large, minmay_box_of_dots
D:3:      layout_loops_corners, nrook_mini_vaults, kennysheep_generic_room_3
D:4:      layout_cave_pods
D:5:      lemuel_ice_spiral_2, layout_basic, mainiacjoe_overflow_alcove_2,
          minmay_temple_entry_antechambers, grunt_decor_junction,
          grunt_decor_one_mirror, supply_closet_lemuel, uniq_duvessa
D:6:      layout_loops_corners, serial_shops, shop
D:8:      layout_loops_cross, grunt_lair_entry_orc_guard_hut, nicolae_wwwww,
          minmay_ruffians, uniq_maggie
Temple:   mainiacjoe_temple_cubbyholes

Skill      XL: |  1  2  3  4  5  6  7  8  9 10 |
---------------+-------------------------------+-----
Stealth        | 3 5 6 7 |  7.3
Conjurations   | 2 3 4 |  4.3
Fire Magic     | 4 5 6 7 |  7.6
Spellcasting   | 3 4 5 6 7 |  7.1
Fighting       | 1 |  1.9
Short Blades   | 2 3 |  3.3
Hexes          | 1 2 |  2.6
Dodging        | 3 |  3.5
Poison Magic   | 2 |  2.6
Summonings     | 1 2 |  2.4
Air Magic      | 2 |  2.7
Unarmed Combat | |  0.1

Action                     |  1- 3 |  4- 6 |  7- 9 | 10-12 || total
---------------------------+-------+-------+-------+-------++-------
  Melee: Unarmed           |     9 |       |       |       ||     9
         Constrict         |     6 |    11 |     9 |     5 ||    31
         Short sword       |     9 |    39 |    45 |    17 ||   110
         Tentacles         |     3 |     7 |    11 |    10 ||    31
         Punch             |       |       |       |     1 ||     1
   Cast: Foxfire           |    34 |    43 |    49 |     2 ||   128
         Scorch            |     2 |     9 |    28 |     5 ||    44
         Inner Flame       |       |     2 |    10 |     1 ||    13
         Mephitic Cloud    |       |       |       |     3 ||     3
         Flame Wave        |       |       |       |     3 ||     3
   Stab: Sleeping          |       |     7 |     7 |       ||    14
 Armour: Skin              |     2 |     8 |     4 |     3 ||    17
  Dodge: Dodged            |    20 |    21 |    34 |    13 ||    88

Table legend: (Time is in decaauts)
 A = Elapsed time spent in this place.
 B = Non-inter-level travel time spent in this place.
 C = Inter-level travel time spent in this place.
 D = Time resting spent in this place.
 E = Time spent auto-exploring this place.
 F = Levels seen in this place.
 G = Mean time per level.
                   A        B        C        D        E       F      G
               +--------+--------+--------+--------+--------+-----+--------+
         Total |   5853 |   5737 |    116 |      0 |   4611 |   8 |  731.6 |
       Dungeon |   5627 |   5524 |    103 |      0 |   4430 |   7 |  803.9 |
        Temple |    225 |    212 |     13 |      0 |    181 |   1 |  225.0 |
               +--------+--------+--------+--------+--------+-----+--------+

Top non-repeatable levels by time:
     D:1: 1277 daAuts
     D:4: 1023 daAuts
     D:3: 939 daAuts
     D:5: 911 daAuts
     D:2: 854 daAuts
     D:8: 524 daAuts
  Temple: 225 daAuts
     D:6: 97 daAuts
